 Dungeon Crawl Stone Soup version 0.21.1-1-g345015fe64 (webtiles) character file.

20358 DildoBatman the Jinx (level 13, -8/94 HPs)
             Began as a Formicid Wizard on June 4, 2018.
             Was a High Priest of Sif Muna.
             Hit by a large rock thrown by a cyclops (30 damage)
             ... on level 11 of the Dungeon.
             The game lasted 01:25:58 (20078 turns).

DildoBatman the Jinx (Formicid Wizard)             Turns: 20078, Time: 01:26:00

Health: -8/94      AC:  5    Str: 11    XL:     13   Next: 11%
Magic:  2/22       EV: 12    Int: 24    God:    Sif Muna [*****.]
Gold:   748        SH:  0    Dex:  9    Spells: 7/24 levels left

rFire    . . .     SeeInvis +   a - +1 whip (venom)
rCold    . . .     Gourm    .   (no shield)
rNeg     . . .     Faith    .   I - +2 robe {MR+}
rPois    +         Spirit   .   (helmet unavailable)
rElec    .         Reflect  .   J - +0 cloak
rCorr    .         Harm     .   (no gloves)
MR       ++...                  (no boots)
Stlth    ++........             (no amulet)
HPRegen  0.25/turn              m - ring of poison resistance
MPRegen  0.18/turn              r - ring "Afita" {+Blink Slay+5 SInv Stlth-}

@: lethally poisoned (-8 -> -8), divine energy
A: permanent stasis, dig shafts and tunnels, four strong arms, antennae 3
a: Dig, Shaft Self, Stop Divine Energy, Channel Magic, Forget Spell, Renounce
Religion


You were on level 11 of the Dungeon.
You worshipped Sif Muna.
Sif Muna was extremely pleased with you.
You were not hungry.

You visited 2 branches of the dungeon, and saw 14 of its levels.
You also visited: Sewer.

You collected 838 gold pieces.
You spent 90 gold pieces at shops.

Inventory:

Hand Weapons
 a - a +1 whip of venom (weapon)
 b - a +2 flail of draining
 c - a +2 shortbow of flaming
 d - a +2 scimitar of flaming
 e - a +4 quarterstaff of chaos
Missiles
 f - 116 stones (quivered)
 B - 56 arrows
 K - 22 sling bullets
Armour
 I - a +2 robe of magic resistance (worn)
 J - a +0 cloak (worn)
Jewellery
 m - a ring of poison resistance (left hand)
 r - the ring "Afita" (right hand) {+Blink Slay+5 SInv Stlth-}
   (You found it on level 12 of the Dungeon)

   [ring of loudness]

   It affects your accuracy and damage with ranged weapons and melee attacks
   (+5).
   It lets you see invisible.
   It lets you blink.
   It makes you less stealthy.
 C - an uncursed ring of magical power
 N - an uncursed ring of ice
 T - an uncursed ring of protection from fire
Wands
 i - a wand of iceblast (11)
 l - a wand of polymorph (9)
 w - a wand of flame (3)
 L - a wand of random effects (24)
 V - a wand of scattershot (2)
 W - a wand of acid (19)
Scrolls
 g - a scroll of amnesia
 n - a scroll of immolation
 x - 6 scrolls of remove curse
 y - 3 scrolls of fog
 z - 3 scrolls of identify
 E - a scroll of vulnerability {unknown}
 G - a scroll of enchant weapon {unknown}
 Y - 2 scrolls of fear
Potions
 h - 3 potions of curing
 j - 4 potions of flight
 k - 5 potions of heal wounds
 o - a potion of agility {unknown}
 q - 3 potions of ambrosia
 u - 6 potions of might
 D - 3 potions of brilliance
Books
 p - a book of Debilitation

   Spells                             Type                      Level
   a - Corona                         Hexes                        1
   b - Slow                           Hexes                        2
   c - Inner Flame                    Hexes/Fire                   3
   d - Portal Projectile              Hexes/Translocation          3
   e - Cause Fear                     Hexes                        4
   f - Leda's Liquefaction            Hexes/Earth                  4
 H - a book of Geomancy

   Spells                             Type                      Level
   a - Sandblast                      Earth                        1
   b - Passwall                       Transmutation/Earth          2
   c - Stone Arrow                    Conjuration/Earth            3
   d - Petrify                        Transmutation/Earth          4
   e - Lee's Rapid Deconstruction     Earth                        5
Miscellaneous
 F - a lamp of fire
Comestibles
 s - 2 chunks of flesh
 v - 23 rations


   Skills:
 - Level 6.5 Fighting
   Level 2.1 Short Blades
 - Level 0.7(2.0) Maces & Flails
 - Level 2.9 Staves
   Level 2.0 Slings
 - Level 3.0 Bows
 - Level 5.5 Armour
 - Level 2.6 Dodging
 - Level 5.9 Stealth
 - Level 6.0 Spellcasting
 - Level 4.1 Conjurations
 * Level 12.6 Hexes
 - Level 3.0 Charms
   Level 1.0 Summonings
 - Level 5.0 Necromancy
   Level 0.8 Translocations
 - Level 3.0 Air Magic
 * Level 5.5 Earth Magic
 - Level 8.3 Poison Magic
 - Level 6.3 Evocations


You had 7 spell levels left.
You knew the following spells:

 Your Spells              Type           Power        Failure   Level  Hunger
a - Slow                  Hex            ######..     1%          2    None
b - Confuse               Hex            ######..     1%          3    #......
c - Magic Dart            Conj           ####         1%          1    None
d - Regeneration          Chrm/Necr      ####......   4%          3    #......
e - Mephitic Cloud        Conj/Pois/Air  ####....     2%          3    #......
f - Borgnjor's Vile Clut  Necr/Erth      ####......   26%         5    #####..


Dungeon Overview and Level Annotations

Branches:
Dungeon (13/15)            Temple (1/1) D:7            Lair (0/6) D:10
    Orc: D:9-12      Vaults: D:13-14

Altars:
Ashenzari
Cheibriados
Dithmenos
Elyvilon
Fedhas
Gozag
Hepliaklqana
Kikubaaqudgha
Makhleb
Nemelex Xobeh
Okawaru
Qazlal
Ru
Sif Muna
Trog
Uskayaw
Vehumet
Wu Jian
Xom
Yredelemnul
Zin
The Shining One

Shops:
D:5 ?*   D:8 *   D:12 }

Annotations:
D:10 raetorn's ghost, journeyman GnWr
D:13 1 exclusion


Innate Abilities, Weirdness & Mutations

You cannot be hasted, slowed, berserked, paralysed or teleported.
You can dig through walls and to a lower floor.
Your four strong arms can wield two-handed weapons with a shield.
You have a pair of large antennae on your head. (SInv)


Message History

Things that are here:
a chunk of flesh a bullfrog skeleton
Casting: Mephitic Cloud
Confirm with . or Enter, or press ? or * to list all spells.
Aiming: Confuse
Press: ? - help, Shift-Dir - straight line, f - adder
Aim: an adder (chance to defeat MR: 83%)
The adder appears confused.
There isn't anything to butcher here.
s - 2 chunks of flesh (gained 1)
You feel sick.
A cyclops comes into view.
The cyclops shouts!
The cyclops throws a large rock.
The large rock closely misses you.
You see here a large rock.
The cyclops throws a large rock.
The large rock hits you!!
You die...

#.< ...##.......#
#.#####.##.#####.#
#####.#........#
#...(...###.#..#
#.###÷### #....#
#)#####.#..#
###.###%).....##...
.......)#.(....C...#
###.####@.(.#####...
##.####(.### ....
#.....(÷(#
#..###..## #. #(#.#
# #....# ..(.S.#
.##.$..# # #.$#..


You could see a cyclops and an adder (confused).

Vanquished Creatures
  Gastronok (D:11)
  Erolcha (D:10)
  A centaur warrior (D:10)
  Erica (D:8)
  3 two-headed ogres
  An unseen horror (D:10)
  4 ugly things
  A deep elf mage (D:7)
  A cyclops (D:12)
  An elephant (D:10)
  Joseph (D:10)
  Psyche (D:9)
  Grinder (D:6)
  A hippogriff (D:9)
  7 yaks
  Sigmund (D:1)
  A wraith (D:10)
  2 basilisks (D:10)
  4 wyverns
  A soldier ant (D:10)
  2 water moccasins
  Duvessa (D:5)
  4 sky beasts
  A hornet zombie (D:10)
  6 orc warriors
  4 ice beasts
  3 phantoms
  A black bear (D:11)
  2 necrophages
  12 ogres
  7 centaurs
  4 crocodiles
  Blork the orc (D:5)
  5 big kobolds
  9 bullfrogs
  A bullfrog (shapeshifter) (D:7)
  Dowan (D:5)
  3 scorpions
  9 killer bees
  10 wights (D:10)
  An electric eel (D:7)
  A howler monkey (D:5)
  5 bullfrog zombies
  10 crimson imps
  7 hounds
  2 bullfrog skeletons
  7 orc priests
  Crazy Yiuf (D:2)
  14 orc wizards
  3 centaur skeletons
  2 jellies
  4 iguanas
  5 worker ants
  2 hound skeletons
  3 gnolls (D:10)
  5 adders
  A howler monkey skeleton (D:10)
  2 shadow imps
  4 worms
  2 dart slugs
  6 leopard geckos
  40 orcs
  2 ball pythons
  9 giant cockroaches
  12 goblins
  11 hobgoblins
  12 jackals
  2 quokkas
  6 bats
  7 frilled lizards
  24 kobolds
  A quokka zombie (D:6)
  10 rats
  A spectral orc (D:6)
345 creatures vanquished.

Vanquished Creatures (others)
  A black bear (D:7)
  A killer bee (D:9)
2 creatures vanquished.

Grand Total: 347 creatures vanquished

Notes
Turn   | Place    | Note
-------+----------+-------------------------------------------
     0 | D:1      | DildoBatman the Formicid Wizard began the quest for the Orb.
     0 | D:1      | Reached XP level 1. HP: 13/13 MP: 4/4
    31 | D:1      | Reached skill level 1 in Conjurations
   205 | D:1      | Reached skill level 1 in Fighting
   205 | D:1      | Reached XP level 2. HP: 18/21 MP: 1/6
   469 | D:1      | Found a glowing golden altar of the Shining One.
   670 | D:1      | Reached XP level 3. HP: 27/27 MP: 5/7
  1148 | D:2      | Noticed Sigmund
  1563 | D:2      | Reached XP level 4. HP: 33/34 MP: 3/8
  2123 | D:2      | Found a runed door.
  3105 | D:3      | Reached skill level 1 in Armour
  3105 | D:3      | Reached XP level 5. HP: 16/41 MP: 1/9
  3279 | D:3      | Found a burning altar of Makhleb.
  4465 | D:4      | Noticed an ogre
  5085 | D:4      | Noticed an ogre
  5092 | D:4      | Noticed an ogre
  5305 | D:5      | Entered Level 5 of the Dungeon
  5316 | D:5      | Reached skill level 1 in Slings
  5316 | D:5      | Reached XP level 6. HP: 36/47 MP: 10/10
  5369 | D:5      | Noticed a necrophage
  5587 | D:5      | Noticed an ice beast
  5623 | D:5      | Noticed a phantom
  6125 | D:1      | Killed Sigmund
  6125 | D:1      | Reached skill level 5 in Stealth
  6125 | D:1      | Reached XP level 7. HP: 31/55 MP: 11/11
  6259 | D:2      | Noticed Crazy Yiuf
  6276 | D:2      | Killed Crazy Yiuf
  6553 | D:4      | Reached skill level 1 in Short Blades
  6586 | D:3      | Learned a level 2 spell: Slow
  6590 | D:3      | Learned a level 3 spell: Mephitic Cloud
  6679 | D:4      | Reached skill level 5 in Fighting
  6882 | D:4      | Reached XP level 8. HP: 62/62 MP: 12/12
  6940 | D:5      | Found Uloqoim's Assorted Antiques.
  6944 | D:5      | Noticed Blork the orc
  6989 | D:5      | Reached skill level 1 in Evocations
  7143 | D:5      | Killed Blork the orc
  7166 | D:5      | Bought a scroll labeled MAANEIS XEMA for 30 gold pieces
  7166 | D:5      | Bought a scroll labeled JAXUUS LOIGH for 30 gold pieces
  7265 | D:5      | Found a radiant altar of Vehumet.
  7286 | D:5      | Found Bashrivi's Magic Scroll Shop.
  7370 | D:5      | Reached skill level 5 in Armour
  7389 | D:5      | Bought a scroll of remove curse for 30 gold pieces
  7454 | D:5      | Noticed Duvessa
  7454 | D:5      | Noticed Dowan
  7521 | D:4      | Reached skill level 1 in Staves
  7837 | D:5      | Reached XP level 9. HP: 33/69 MP: 13/13
  8087 | D:5      | Killed Duvessa
  8372 | D:5      | Killed Dowan
  8372 | D:5      | Reached skill level 5 in Evocations
  8685 | D:6      | Found a basalt altar of Yredelemnul.
  8720 | D:6      | Found a glowing drain.
  8731 | Sewer    | Entered a sewer
  9123 | Sewer    | Learned a level 3 spell: Confuse
  9696 | D:7      | Noticed a deep elf mage
  9800 | D:7      | Found a staircase to the Ecumenical Temple.
  9959 | Temple   | Entered the Ecumenical Temple
 10280 | Temple   | Became a worshipper of Sif Muna the Loreminder
 10368 | D:7      | Reached skill level 1 in Hexes
 10383 | D:7      | Reached skill level 2 in Hexes
 10405 | D:7      | Reached skill level 3 in Hexes
 10549 | D:7      | Found a hazy altar of Hepliaklqana.
 10750 | D:7      | Reached skill level 4 in Hexes
 10835 | D:7      | Reached XP level 10. HP: 39/77 MP: 15/15
 11188 | D:6      | Reached skill level 5 in Hexes
 11254 | D:6      | Reached * piety under Sif Muna
 11323 | D:6      | Reached skill level 6 in Hexes
 11625 | D:6      | Noticed Grinder
 11652 | D:6      | Killed Grinder
 11652 | D:6      | Reached skill level 7 in Hexes
 12166 | D:8      | Learned a level 3 spell: Regeneration
 12172 | D:8      | Learned a level 5 spell: Borgnjor's Vile Clutch
 12303 | D:8      | Noticed Erica
 12425 | D:8      | Reached skill level 1 in Earth Magic
 12438 | D:8      | Found a shadowy altar of Dithmenos.
 12440 | D:8      | Found a white marble altar of Elyvilon.
 12441 | D:8      | Found a shattered altar of Ashenzari.
 12442 | D:8      | Found a hide-covered altar of Uskayaw.
 12443 | D:8      | Found a blossoming altar of Fedhas.
 12718 | D:8      | Found a glowing golden altar of the Shining One.
 12734 | D:8      | Found Gibym's General Store.
 12810 | D:8      | Reached skill level 1 in Necromancy
 12918 | D:8      | Noticed a two-headed ogre
 12953 | D:8      | Killed a two-headed ogre
 12953 | D:8      | Reached ** piety under Sif Muna
 12953 | D:8      | Reached skill level 8 in Hexes
 13073 | D:8      | Killed Erica
 13073 | D:8      | Reached skill level 5 in Spellcasting
 13073 | D:8      | Reached skill level 1 in Charms
 13263 | D:7      | Killed a deep elf mage
 13263 | D:7      | Reached XP level 11. HP: 83/83 MP: 18/18
 13549 | D:9      | Identified A Beginning Course on Spellweaving
 13686 | D:9      | Noticed Psyche
 13708 | D:9      | Killed Psyche
 13708 | D:9      | Reached *** piety under Sif Muna
 13708 | D:9      | Reached skill level 9 in Hexes
 13848 | D:9      | Found a bloodstained altar of Trog.
 14044 | D:9      | Found an ancient bone altar of Kikubaaqudgha.
 14214 | D:10     | Entered Level 10 of the Dungeon
 14231 | D:10     | Noticed Erolcha
 14430 | D:10     | Reached skill level 1 in Poison Magic
 14546 | D:10     | Noticed Joseph
 14607 | D:10     | Killed Joseph
 14607 | D:10     | Reached skill level 10 in Hexes
 14734 | D:10     | Noticed a two-headed ogre
 14740 | D:10     | Reached skill level 1 in Air Magic
 15044 | D:9      | Killed a two-headed ogre
 15654 | D:10     | Reached **** piety under Sif Muna
 15654 | D:10     | Reached skill level 5 in Poison Magic
 15892 | D:10     | Reached skill level 1 in Bows
 16025 | D:10     | Noticed raetorn's ghost (journeyman GnWr)
 16083 | D:10     | Noticed an unseen horror
 16123 | D:10     | Killed an unseen horror
 16473 | D:10     | Noticed an elephant
 16495 | D:10     | Found a staircase to the Lair.
 16526 | D:10     | Killed an elephant
 16526 | D:10     | Reached XP level 12. HP: 37/89 MP: 9/19
 17477 | D:10     | Noticed a centaur warrior
 17650 | D:10     | Killed a centaur warrior
 17898 | D:10     | Killed Erolcha
 18348 | D:11     | You fall through a shaft for 2 floors!
 18540 | D:13     | Noticed a two-headed ogre
 18582 | D:13     | Killed a two-headed ogre
 18582 | D:13     | Reached ***** piety under Sif Muna
 18582 | D:13     | Reached skill level 11 in Hexes
 18808 | D:13     | Received a gift from Sif Muna
 18890 | D:13     | Noticed a tengu reaver
 19185 | D:12     | HP: 2/89 [cyclops/large rock (17)]
 19328 | D:12     | Reached skill level 12 in Hexes
 19573 | D:12     | Found Lint's Gadget Shoppe.
 19577 | D:12     | Got a twitching pewter ring
 19599 | D:12     | Identified the ring "Afita" {+Blink Slay+5 SInv Stlth-} (You found it on level 12 of the Dungeon)
 19773 | D:11     | Noticed Gastronok
 19804 | D:11     | Killed Gastronok
 19804 | D:11     | Reached skill level 5 in Earth Magic
 19804 | D:11     | Reached XP level 13. HP: 30/94 MP: 10/22
 19918 | D:11     | Found a sparkling altar of Nemelex Xobeh.
 19985 | D:11     | Reached skill level 5 in Necromancy
 20078 | D:11     | Hit by a large rock thrown by a cyclops

Skill      XL: |  1  2  3  4  5  6  7  8  9 10 11 12 13 |
---------------+----------------------------------------+-----
Conjurations   | 1 2 3 4 |  4.1
Fighting       | 1 2 3 4 5 6 |  6.5
Dodging        | 2 |  2.6
Armour         | 1 2 3 4 5 |  5.5
Stealth        | 3 5 |  5.9
Slings         | 1 2 |  2.0
Short Blades   | 1 2 |  2.1
Evocations     | 3 6 |  6.3
Staves         | 2 |  2.9
Hexes          | 4 8 10 12 | 12.6
Spellcasting   | 5 6 |  6.0
Earth Magic    | 3 4 5 |  5.5
Necromancy     | 3 4 5 |  5.0
Charms         | 1 3 |  3.0
Poison Magic   | 6 8 |  8.3
Air Magic      | 2 3 |  3.0
Bows           | 2 3 |  3.0
Maces & Flails | |  0.7
Summonings     | |  1.0
Translocations | |  0.8

Action                   |  1- 3 |  4- 6 |  7- 9 | 10-12 | 13-15 || total
-------------------------+-------+-------+-------+-------+-------++-------
Melee: Club              |    23 |       |       |       |       ||    23
       Dagger            |       |   100 |   188 |   285 |       ||   573
       Quarterstaff      |       |       |   112 |     1 |       ||   113
       Whip              |       |       |       |   420 |    17 ||   437
       Flail             |       |       |       |    54 |       ||    54
 Fire: Hunting sling     |       |    17 |       |       |       ||    17
       Shortbow          |       |       |       |   429 |    36 ||   465
Throw: Stone             |       |       |       |     3 |       ||     3
 Cast: Magic Dart        |    82 |   156 |     6 |    60 |       ||   304
       Mephitic Cloud    |       |       |     3 |    10 |     7 ||    20
       Slow              |       |       |     8 |    34 |     5 ||    47
       Confuse           |       |       |     2 |   208 |     6 ||   216
       Regeneration      |       |       |       |    62 |     4 ||    66
Invok: Divine Energy     |       |       |       |     1 |       ||     1
 Abil: Dig               |       |    12 |    10 |     8 |       ||    30
Evoke: Wand              |       |       |    42 |    40 |       ||    82
  Use: Scroll            |       |       |    10 |    10 |       ||    20
 Stab: Sleeping          |       |     1 |     4 |    10 |       ||    15
       Confused          |       |       |     5 |    57 |     1 ||    63
  Eat: Chunk             |     3 |    11 |    18 |    38 |     2 ||    72
       Ration            |       |     1 |       |     1 |       ||     2
Armor: Leather armour    |     9 |    38 |       |       |       ||    47
       Robe              |       |       |    60 |   132 |     8 ||   200
Dodge: Dodged            |    43 |    54 |   178 |   367 |    27 ||   669
